 Dungeon Crawl Stone Soup version 0.30-a0-779-g7971cf19c3 (webtiles) character file.

Game seed: 2790069553154760132

23 Dittersdorf the Shield-Bearer (level 3, -2/23 HPs)
             Began as a Gargoyle Fighter on Feb 17, 2023.
             Slain by an adder (3 damage)
             ... on level 1 of the Dungeon.
             The game lasted 00:00:41 (853 turns).

Dittersdorf the Shield-Bearer (Gargoyle Fighter)     Turns: 853, Time: 00:00:42

Health: -2/23      AC: 10    Str: 21    XL:     3   Next: 0%
Magic:  3/3        EV:  6    Int:  8    God:
Gold:   26         SH:  4    Dex:  9    Spells: 2/2 levels left

rFire   . . .      SeeInvis .    a - +0 flail
rCold   . . .      Faith    .    c - +0 buckler
rNeg    + . .      Spirit   .    b - +0 scale mail
rPois   ∞          Reflect  .    (no helmet)
rElec   +          Harm     .    (no cloak)
rCorr   .          Rampage  .    (no gloves)
Will    .....                    (no boots) Stlth
                                 (no amulet)
HPRegen 0.23/turn                (no ring)
MPRegen 0.08/turn                (no ring)

@: constricted
A: sickness immunity, AC +3, negative energy resistance 1, electricity
resistance, torment resistance 1, petrification resistance
a: no special abilities


You were on level 1 of the Dungeon.
You visited 1 branch of the dungeon, and saw 2 of its levels.

You collected 26 gold pieces.

Inventory:

Hand Weapons
 a - a +0 flail (weapon)
Armour
 b - a +0 scale mail (worn)
 c - a +0 buckler (worn)
Jewellery
 f - a ring of wizardry
Scrolls
 g - a scroll of blinking {unknown}
 h - a scroll of enchant weapon {unknown}
 i - a scroll of identify {unknown}
Potions
 d - a potion of might
 e - a potion of magic {unknown}
 j - 4 potions of curing {unknown}


   Skills:
 + Level 3.6 Fighting
 + Level 2.3 Maces & Flails
 + Level 3.6 Armour
 + Level 3.6 Shields


You had 2 spell levels left.
You didn't know any spells.
Your spell library contained the following spells:

 Spells                   Type           Power      Damage    Failure   Level
 Tukima's Dance           Hex            0%         N/A       99%         3
 Passage of Golubria      Tloc           0%         N/A       100%        4
 Yara's Violent Unravell  Hex/Tmut       0%         3d3       100%        5


Dungeon Overview and Level Annotations

Branches:
Dungeon (2/15)

Altars:


Innate Abilities, Weirdness & Mutations

You are immune to sickness and miasma.
Your stone body is resilient. (AC +3)
You are immune to poison.
You resist negative energy. (rN+)
You are resistant to electric shocks. (rElec)
You are resistant to unholy torment.
You are immune to petrification.


Message History

The ball python bites you but does no damage.
The worm bites you.
The ball python bites you but does no damage.
The ball python constricts you.
You hit the worm.
You kill the worm!
The ball python bites you but does no damage.
The ball python barely misses you. The ball python constricts you.
The ball python bites you.
* * * LOW HITPOINT WARNING * * *
You block the adder's attack. The ball python bites you.
* * * LOW HITPOINT WARNING * * *
The ball python constricts you.
You have reached level 3!
Your experience leads to an increase in your attributes!
Increase (S)trength, (I)ntelligence, or (D)exterity?
You feel stronger. x2
You barely miss the adder. The ball python closely misses you.
The adder barely misses you. You block the ball python's attack.
The ball python constricts you. The ball python bites you.
* * * LOW HITPOINT WARNING * * *
The adder bites you but does no damage.
You closely miss the adder. You block the ball python's attack.
The ball python constricts you. The adder bites you but does no damage.
The ball python bites you but does no damage.
The ball python barely misses you. The ball python constricts you.
You miss the adder. The adder bites you but does no damage.
The ball python bites you but does no damage. x2
The ball python constricts you.
* * * LOW HITPOINT WARNING * * *
The adder barely misses you.
The ball python bites you but does no damage.
You barely miss the adder. You block the ball python's attack.
The ball python constricts you.
* * * LOW HITPOINT WARNING * * *
You block the adder's attack.
The ball python bites you but does no damage.
The ball python barely misses you. The ball python constricts you.
The adder bites you.
You die...

.####÷....####.####.........#
....##.#.........(+....†....#
.#...(...######.###.........#
............................#
.###########....##.##########
.# #.##......#.#
.#######.##.##...#.#
......##.##....SS#.#
.#.####...##.#.#@#.###########
.#.# #...##.#.#S#.#.........#
.#.# ##...##.....#.#.#######.#
.#'###.....#............# #.#
........<....#.#...#.##.# #.#
.....#.....###.#.###.##.# #.#
.....##...## #.......##.## #.#
.....##...####...#.......# #.#
.....##...#......#.......###.#


You could see an adder and 2 ball pythons.

Vanquished Creatures
  A dart slug (D:1)
  A worm (D:1)
  4 endoplasms (D:1)
  A giant cockroach (D:1)
  A goblin (D:1)
  A hobgoblin (D:1)
  3 quokkas (D:1)
  A bat (D:1)
  A frilled lizard (D:1)
  A kobold (D:1)
  3 rats (D:1)
18 creatures vanquished.

Notes
Turn   | Place    | Note
-------+----------+-------------------------------------------
     0 | D:1      | Dittersdorf the Gargoyle Fighter began the quest for the
                  | Orb.
     0 | D:1      | Reached XP level 1. HP: 14/14 MP: 1/1
   128 | D:1      | Reached XP level 2. HP: 19/19 MP: 2/2
   850 | D:1      | Reached XP level 3. HP: 4/23 MP: 3/3
   853 | D:1      | HP: 1/23 [constriction (1)]
   853 | D:1      | Slain by an adder

Illustrated notes

Levels and vault maps discovered:
D:1:      dpeg_arrival_rhombus, layout_basic
D:2:      layout_rooms, basic_altar

Action                     || total
---------------------------++-------
  Melee: Flail             ||    46
 Armour: Scale mail        ||    39
  Dodge: Dodged            ||    26
  Block: Buckler           ||    17

Table legend: (Time is in decaauts)
 A = Elapsed time spent in this place.
 B = Non-inter-level travel time spent in this place.
 C = Inter-level travel time spent in this place.
 D = Time resting spent in this place.
 E = Time spent auto-exploring this place.
 F = Levels seen in this place.
 G = Mean time per level.
                   A        B        C        D        E       F      G
               +--------+--------+--------+--------+--------+-----+--------+
         Total |    869 |    853 |     16 |     49 |    680 |   2 |  434.5 |
       Dungeon |    869 |    853 |     16 |     49 |    680 |   2 |  434.5 |
               +--------+--------+--------+--------+--------+-----+--------+

Top non-repeatable levels by time:
     D:1: 858 daAuts
     D:2: 10 daAuts
